 Dungeon Crawl Stone Soup version 0.31.0-32-g396128a36d (webtiles) character file.

Game seed: 13190082944871226642

943 spaghetti the Carver (level 7, 0/36 HPs)
             Began as a Deep Elf Berserker on Mar 22, 2024.
             Was a Believer of Trog.
             Slain by a water moccasin (3 damage)
             ... on level 5 of the Dungeon.
             The game lasted 00:04:52 (4420 turns).

spaghetti the Carver (Deep Elf Berserker)           Turns: 4420, Time: 00:04:52

Health: 0/36       AC:  6    Str: 14    XL:     7   Next: 88%
Magic:  9/9        EV: 13    Int: 12    God:    Trog [**....]
Gold:   229        SH:  0    Dex: 22    Spells: 6/6 levels left

rFire   . . .        a - +1 falchion (heavy)
rCold   . . .        (no shield)
rNeg    . . .        b - +0 animal skin
rPois   .            (helmet restricted)
rElec   .            (no cloak)
rCorr   .            (no gloves)
SInv    .            (no boots)
Will    .....        (no amulet)
Stlth   ++           i - +6 ring of dexterity
HPRegen 0.26/turn    r - +4 ring of protection
MPRegen 0.11/turn

%: no passive effects
@: lethally poisoned (0 -> -10)
A: antennae 1, hooves 1, frail 1
a: Renounce Religion, Berserk, Trog's Hand


You were on level 5 of the Dungeon.
You worshipped Trog.
Trog was pleased with you.
You visited 1 branch of the dungeon, and saw 5 of its levels.

You collected 229 gold pieces.

Inventory:

Hand Weapons
 a - a +1 heavy falchion (weapon)
Armour
 b - a +0 animal skin (worn)
Jewellery
 h - a ring of fire
 i - a +6 ring of dexterity (left hand)
 j - a +6 ring of strength
 m - a ring of protection from fire
 r - a +4 ring of protection (right hand)
Scrolls
 c - 3 scrolls of identify
 d - 3 scrolls of vulnerability
 o - a scroll of enchant armour
Potions
 e - a potion of cancellation
 f - 3 potions of might
 g - 2 potions of resistance
 k - a potion of ambrosia {unknown}
 n - a potion of mutation
 q - a potion of invisibility


   Skills:
 - Level 2.4 Fighting
 + Level 8.8 Long Blades
 - Level 1.5 Armour
 - Level 2.4 Dodging


You had 6 spell levels left.
You didn't know any spells.
Your spell library was empty.

Dungeon Overview and Level Annotations

Branches:
Dungeon (5/15)
 Temple: D:4-7

Altars:


Innate Abilities, Weirdness & Mutations

You have a pair of small antennae on your head.
You have large cloven feet.
You are frail. (-10% HP)


Message History

The howler monkey howls!
You slash the water moccasin! Your kick misses the water moccasin.
The water moccasin is heavily wounded.
The water moccasin bites you. x2
You are too injured to fight recklessly!
You are too injured to fight recklessly!
You are too injured to fight recklessly!
You are too injured to fight recklessly!
You are too injured to fight recklessly!
You are too injured to fight recklessly!
You are too injured to fight recklessly!
You are too injured to fight recklessly!
You are too injured to fight recklessly!
You are too injured to fight recklessly!
You are too injured to fight recklessly!
You are too injured to fight recklessly!
You are too injured to fight recklessly!
You are too injured to fight recklessly!
You are too injured to fight recklessly!
You are too injured to fight recklessly!
You are too injured to fight recklessly!
You are too injured to fight recklessly!
You are too injured to fight recklessly!
You completely miss the water moccasin. Your kick misses the water moccasin.
The water moccasin is heavily wounded.
The water moccasin bites you!
The howler monkey hoots and howls with incredible vigour!
The water moccasin bites you!
* * * LOW HITPOINT WARNING * * *
You are lethally poisoned!
The water moccasin poisons you!
You hear a shout!
You barely miss the water moccasin.
The water moccasin is heavily wounded.
* * * LOW HITPOINT WARNING * * *
You feel very sick. The water moccasin bites you.
* * * LOW HITPOINT WARNING * * *
The water moccasin bites you.
You die...

#...................
##............#######
. ##.............#
..#.....!........#
..... #..[.......#
.....##.[........#
$......./.......##
.................#
.....hS@.........#
...?...............
$................#..
...........$......##
...................
.......##....<.#..
#.#...# ########
#..8.8


You could see a water moccasin and a howler monkey (catching breath).

Vanquished Creatures
  The ghost of boopmooplesden the Covered, an amateur AtFi (D:4)
  2 ice beasts (D:4)
  A black bear (D:4)
  A howler monkey (D:4)
  A jelly (D:4)
  A hound (D:4)
  A bombardier beetle (D:3)
  2 orc wizards (D:3)
  2 iguanas (D:4)
  Natasha (thrice) (D:2)
  2 bullfrog simulacra (D:4)
  2 scorpion simulacra (D:4)
  5 adders
  A hound simulacrum (D:4)
  7 dart slugs
  2 ribbon worms (D:3)
  An adder simulacrum (D:4)
  10 orcs
  5 ball pythons
  7 bats
  7 endoplasms
  5 giant cockroaches
  6 goblins
  7 hobgoblins
  6 kobolds
  3 quokkas
  4 frilled lizards
  6 rats
101 creatures vanquished.

Notes
Turn   | Place    | Note
-------+----------+-------------------------------------------
     0 | D:1      | spaghetti the Deep Elf Berserker began the quest for the
                  | Orb.
     0 | D:1      | Reached XP level 1. HP: 13/13 MP: 3/3
    65 | D:1      | Reached skill level 3 in Long Blades
   191 | D:1      | Reached XP level 2. HP: 18/18 MP: 4/4
   833 | D:1      | Reached XP level 3. HP: 18/22 MP: 5/5
   935 | D:2      | Noticed Natasha
   944 | D:2      | Killed Natasha
   945 | D:2      | Reached skill level 4 in Long Blades
  1087 | D:2      | Reached XP level 4. HP: 24/27 MP: 6/6
  1093 | D:2      | Reached ** piety under Trog
  1317 | D:2      | Noticed Natasha
  1323 | D:2      | Killed Natasha
  1324 | D:2      | Reached skill level 5 in Long Blades
  1514 | D:2      | Noticed Natasha
  1525 | D:2      | Killed Natasha
  1526 | D:2      | Reached XP level 5. HP: 11/31 MP: 7/7
  2570 | D:3      | Reached skill level 6 in Long Blades
  2796 | D:3      | Reached XP level 6. HP: 28/36 MP: 8/8
  3231 | D:4      | Reached skill level 7 in Long Blades
  3387 | D:4      | Found a runed translucent gate.
  3387 | D:4      | Found a runed translucent gate.
  3387 | D:4      | Found a runed translucent gate.
  3511 | D:4      | Noticed an ice beast
  3548 | D:4      | Reached XP level 7. HP: 20/40 MP: 9/9
  3756 | D:4      | Noticed boopmooplesden's ghost (amateur AtFi)
  3923 | D:4      | Gained mutation: You are frail. (-10% HP) [potion of
                  | mutation]
  3923 | D:4      | Gained mutation: You have large cloven feet. [potion of
                  | mutation]
  3923 | D:4      | Gained mutation: You have a pair of small antennae on your
                  | head. [potion of mutation]
  3930 | D:4      | Killed boopmooplesden's ghost
  3931 | D:4      | Reached skill level 8 in Long Blades
  4387 | D:5      | Entered Level 5 of the Dungeon
  4420 | D:5      | Slain by a water moccasin

Illustrated notes

Levels and vault maps discovered:
D:1:      shiori_arrival_maze, layout_basic, nrook_mini_vaults,
          hangedman_decor_slide_cut, chequers_serial_rivers_marsh
D:2:      layout_rooms, uniq_natasha
D:3:      layout_loops_ring, nicolae_hexahallways, kennysheep_another_room,
          minmay_misc_feat_plants
D:4:      minmay_chambers_of_threes, layout_basic, gammafunk_ghost_icy
D:5:      layout_rooms, lemuel_temple_firewalk_b, serial_shops,
          nicolae_stop_n_shop_2

Skill      XL: |  1  2  3  4  5  6  7 |
---------------+----------------------+-----
Long Blades    | 3 4 5 6 7 8 |  8.8
Fighting       | |  2.4
Armour         | |  1.5
Dodging        | |  2.4

Action                     |  1- 3 |  4- 6 |  7- 9 || total
---------------------------+-------+-------+-------++-------
  Melee: Falchion          |    93 |   198 |    27 ||   318
         Punch             |       |     4 |       ||     4
         Kick              |       |       |     5 ||     5
 Invoke: Berserk           |     1 |     9 |     2 ||    12
         Trog's Hand       |       |     1 |     2 ||     3
    Use: Scroll            |     3 |     2 |     3 ||     8
         Potion            |       |     5 |     4 ||     9
   Stab: Sleeping          |     5 |     7 |       ||    12
         Distracted        |     1 |     2 |       ||     3
         Invisible         |       |       |     1 ||     1
 Armour: Animal skin       |    46 |   101 |    30 ||   177
  Dodge: Dodged            |    57 |   112 |    17 ||   186
